 Dungeon Crawl Stone Soup version 0.30-a0-371-gad7725a93e (webtiles) character file.

Game seed: 15531021347887409963

3583 MTVSty1e the Cleaver (level 9, -2/129 HPs)
             Began as a Minotaur Fighter on Nov 21, 2022.
             Was an Elder of Okawaru.
             Slain by an orc knight
             ... wielding a +0 bardiche
              (17 damage)
             ... in a bailey.
             The game lasted 00:09:03 (8319 turns).

MTVSty1e the Cleaver (Minotaur Fighter)             Turns: 8319, Time: 00:09:04

Health: -2/129     AC: 11    Str: 24    XL:     9   Next: 85%
Magic:  7/8        EV:  8    Int:  5    God:    Okawaru [****..]
Gold:   416        SH: 13    Dex: 11    Spells: 8/8 levels left

rFire   . . .      SeeInvis .    a - +1 war axe
rCold   . . .      Faith    .    D - +0 kite shield
rNeg    . . .      Spirit   .    v - +2 ring mail {rPois}
rPois   +          Reflect  +    h - +1 hat
rElec   .          Harm     .    m - +0 cloak
rCorr   .          Rampage  .    C - +0 pair of gloves
Will    .....                    (no boots)
Stlth   ..........               l - amulet of reflection
HPRegen 0.41/turn                (no ring)
MPRegen 0.11/turn                (no ring)

@: berserking, very quick
A: horns 2, retaliatory headbutt
a: Renounce Religion, Heroism, Finesse


You were in a bailey.
You worshipped Okawaru.
Okawaru was greatly pleased with you.
You visited 2 branches of the dungeon, and saw 10 of its levels.
You also visited: Bailey.

You collected 416 gold pieces.

Inventory:

Hand Weapons
 a - a +1 war axe (weapon)
Armour
 h - a +1 hat (worn)
 m - a +0 cloak (worn)
 v - a +2 ring mail of poison resistance (worn)
 C - a +0 pair of gloves (worn)
 D - a +0 kite shield (worn)
Jewellery
 l - an amulet of reflection (around neck)
 B - a ring of poison resistance
Wands
 d - a wand of roots (16)
 y - a wand of quicksilver (7)
 E - a wand of flame (38)
Scrolls
 e - 4 scrolls of teleportation
 i - 2 scrolls of immolation
 k - a scroll of enchant armour
 o - a scroll of vulnerability
 q - a scroll of amnesia
 r - 2 scrolls of magic mapping
 s - 2 scrolls of noise
 w - a scroll of blinking
Potions
 g - a potion of attraction
 j - 3 potions of lignification
 n - 2 potions of resistance
 p - a potion of brilliance
 u - a potion of curing
 x - 3 potions of magic
 z - 2 potions of flight
 A - 2 potions of mutation


   Skills:
 + Level 10.4 Fighting
 * Level 13.8 Axes
 - Level 3.6 Armour
 - Level 3.6 Shields


You had 8 spell levels left.
You didn't know any spells.
Your spell library contained the following spells:

 Spells                   Type           Power      Damage    Failure   Level
 Magic Dart               Conj           0%         1d3       94%         1
 Sandblast                Erth           0%         2d4       94%         1
 Passwall                 Tmut/Erth      0%         N/A       98%         2
 Searing Ray              Conj           0%         2d4       98%         2
 Hailstorm                Conj/Ice       0%         3d3       100%        3
 Stone Arrow              Conj/Erth      0%         3d7       100%        3
 Fulminant Prism          Conj/Hex       0%         3d5       100%        4
 Ice Form                 Ice/Tmut       0%         N/A       100%        4
 Simulacrum               Ice/Necr       Unusable   N/A       N/A         6

Dungeon Overview and Level Annotations

Branches:
Dungeon (9/15)             Temple (1/1) D:7          Bailey (1/1)
   Lair: D:8-11         Orc: D:9-12

Altars:
Ashenzari
Cheibriados
Dithmenos
Elyvilon
Fedhas
Gozag
Hepliaklqana
Kikubaaqudgha
Makhleb
Nemelex Xobeh
Okawaru
Qazlal
Ru
Sif Muna
Trog
Uskayaw
Vehumet
Wu Jian
Xom
Yredelemnul
Zin
The Shining One

Shops:
D:4 *

Annotations:
D:5 3 runed translucent doors, kae's ghost, amateur DrTm


Innate Abilities, Weirdness & Mutations

You have a pair of horns on your head.
You reflexively headbutt those who attack you in melee.


Message History

* * * LOW HITPOINT WARNING * * *
You block the orc warrior's attack. The orc hits you but does no damage.
You closely miss the orc knight.
The orc knight is almost dead.
The orc knight roars a battlecry!
The orc goes into a battle-frenzy!
You block the orc warrior's attack. The orc closely misses you.
You feel much better.
You feel like a meek peon again.
The orc knight hits you with a +0 bardiche!!
You block the orc warrior's attack.
The orc hits you from afar with a +0 trident!
You completely miss the orc knight.
You headbutt the orc knight, but do no damage.
The orc knight is almost dead.
The orc knight hits you with a +0 bardiche!
* * * LOW HITPOINT WARNING * * *
You block the orc warrior's attack. You block the orc's attack.
You feel much better.
The orc knight hits you with a +0 bardiche!
You block the orc warrior's attack.
The orc hits you from afar with a +0 trident.
You closely miss the orc knight.
The orc knight is almost dead.
You block the orc knight's attack.
The orc warrior hits you from afar with a +0 halberd!
* * * LOW HITPOINT WARNING * * *
You block the orc's attack.
You slash the orc knight! Your headbutt misses the orc knight.
The orc knight is almost dead.
The orc knight hits you with a +0 bardiche!
* * * LOW HITPOINT WARNING * * *
You block the orc warrior's attack.
The orc hits you from afar with a +0 trident.
* * * LOW HITPOINT WARNING * * *
A red film seems to cover your vision as you go berserk!
You feel yourself moving faster!
You feel mighty!
The orc warrior no longer looks unusually strong.
The orc knight hits you with a +0 bardiche!
You die...

♣♣................≈
♣♣......#....#....≈≈
♣...≈≈≈≈#....#≈≈≈≈≈≈
♣.≈≈≈≈≈≈#....#≈≈≈≈≈≈
#♣♣≈≈≈≈≈≈≈#...)#≈≈≈≈≈≈
#≈≈≈≈≈≈≈≈≈#....#≈≈≈≈≈♣
#≈≈≈≈≈≈...#....#...♣♣♣
#≈≈≈≈o)o.........♣....
#≈≈≈.@.o..............
#≈≈.)####........####.
#♣♣♣♣#$.####''####..#.
#..)oo).)......##
##..o8).).8...##
#.o########..# #..# .#
#..# # #..#


You could see an orc knight, an orc warrior and an orc (strong).

Vanquished Creatures
  Psyche (D:8)
  4 slime creatures (D:7)
  A shadow (D:6)
  A steam dragon (D:7)
  2 water moccasins
  A black bear (D:6)
  4 orc warriors
  A kobold brigand (D:8)
  A necrophage (D:4)
  3 bullfrogs
  A gnoll sergeant (D:7)
  4 scorpions
  4 hounds
  A gnoll bouda (D:8)
  6 orc priests
  A jelly (D:5)
  An iguana (D:6)
  4 orc wizards
  13 gnolls
  4 adders
  A shadow imp (D:8)
  A white imp (D:5)
  2 ufetubi
  A worm (D:4)
  2 dart slugs (D:1)
  34 orcs
  7 bats
  8 endoplasms
  7 giant cockroaches
  9 goblins
  4 hobgoblins
  11 kobolds
  A quokka (D:1)
  7 ball pythons
  A frilled lizard (D:2)
  5 rats
159 creatures vanquished.

Vanquished Creatures (others)
  6 plants
6 creatures vanquished.

Grand Total: 165 creatures vanquished

Notes
Turn   | Place    | Note
-------+----------+-------------------------------------------
     0 | D:1      | MTVSty1e the Minotaur Fighter began the quest for the Orb.
     0 | D:1      | Reached XP level 1. HP: 19/19 MP: 0/0
   115 | D:1      | Reached skill level 3 in Axes
   217 | D:1      | Reached XP level 2. HP: 22/27 MP: 1/1
   927 | D:2      | Reached XP level 3. HP: 33/33 MP: 2/2
   981 | D:2      | Reached skill level 4 in Axes
  1460 | D:2      | Found a faded altar of an unknown god.
  1791 | D:3      | Found an iron altar of Okawaru.
  1798 | D:3      | Became a worshipper of Warmaster Okawaru
  1801 | D:3      | Found a hazy altar of Hepliaklqana.
  1839 | D:3      | Reached XP level 4. HP: 41/41 MP: 3/3
  1877 | D:3      | Found a glowing silver altar of Zin.
  2467 | D:4      | Noticed a scorpion
  2471 | D:4      | Killed a scorpion
  2472 | D:4      | Reached skill level 5 in Fighting
  2472 | D:4      | Reached skill level 5 in Axes
  2472 | D:4      | Reached XP level 5. HP: 48/48 MP: 4/4
  2560 | D:4      | Reached skill level 6 in Axes
  2716 | D:4      | Found Ugu Neno's General Store.
  3056 | D:4      | Reached * piety under Okawaru
  3057 | D:4      | Reached XP level 6. HP: 37/57 MP: 5/5
  3598 | D:5      | Entered Level 5 of the Dungeon
  3657 | D:5      | Found a shadowy altar of Dithmenos.
  3728 | D:5      | Reached skill level 7 in Axes
  3899 | D:5      | Found a shimmering altar of Xom.
  4108 | D:5      | You fall into a shaft and drop 2 floors!
  4127 | D:7      | Reached XP level 7. HP: 26/63 MP: 6/6
  4462 | D:7      | Found a staircase to the Ecumenical Temple.
  4480 | D:7      | Reached skill level 8 in Axes
  4497 | Temple   | Entered the Ecumenical Temple
  4763 | D:7      | Noticed a steam dragon
  4769 | D:7      | Killed a steam dragon
  5178 | D:6      | Reached ** piety under Okawaru
  5179 | D:6      | Reached skill level 9 in Axes
  5188 | D:6      | Noticed a shadow
  5285 | D:5      | Found a runed translucent gate.
  5287 | D:5      | Found a runed translucent gate.
  5287 | D:5      | Noticed kae's ghost (amateur DrTm)
  5321 | D:5      | Found a runed translucent gate.
  5746 | D:6      | Reached XP level 8. HP: 72/73 MP: 7/7
  5807 | D:6      | Found an opulent altar of Gozag.
  5815 | D:6      | Reached skill level 10 in Axes
  6502 | D:7      | Noticed a slime creature
  6504 | D:7      | Noticed a slime creature
  6506 | D:7      | Noticed a slime creature
  6512 | D:7      | Killed a slime creature
  6513 | D:7      | Reached skill level 11 in Axes
  6515 | D:7      | Killed a slime creature
  6515 | D:7      | Reached *** piety under Okawaru
  6517 | D:7      | Killed a slime creature
  6518 | D:7      | Reached XP level 9. HP: 35/83 MP: 8/8
  6679 | D:7      | Killed a large slime creature
  6680 | D:7      | Reached skill level 12 in Axes
  7503 | D:8      | Reached skill level 13 in Axes
  7637 | D:8      | Found a white marble altar of Elyvilon.
  7637 | D:8      | Found a broken altar of Ashenzari.
  7946 | D:8      | Noticed Psyche
  7950 | D:8      | Killed Psyche
  7951 | D:8      | Reached skill level 10 in Fighting
  8167 | D:9      | Found a flagged portal.
  8186 | Bailey   | Entered a bailey
  8275 | Bailey   | Reached **** piety under Okawaru
  8284 | Bailey   | Noticed an orc knight
  8319 | Bailey   | Slain by an orc knight

Illustrated notes

Levels and vault maps discovered:
D:1:      wander_arrival_fairy_ring, layout_basic
D:2:      layout_loops_ring, shapermc_ecumenical_altar_mp_vishouse,
          hangedman_decor_lopped
D:3:      layout_loops_corners, mainiacjoe_overflow_large_starburst,
          mainiacjoe_overflow_alcove_2, chequers_arboretum,
          serial_bayou_lagoon_b
D:4:      layout_cave_pods, serial_shops, nicolae_stop_n_shop_1,
          kennysheep_pointless_box, minmay_misc_feat_room, minmay_misc_feat_chi
D:5:      layout_basic, mainiacjoe_overflow_cross_hatched, tgw_xom,
          gammafunk_ghost_nasty_kobolds
D:6:      layout_cave_pods, nicolae_gozag_cash_rules_everything_around_me
D:7:      layout_loops_ring, minmay_temple_entry_slanted
D:8:      layout_loops_ring, amethyst_overflow_temple_binary, uniq_psyche
D:9:      minmay_the_grid_triangle_9x9_recursive_2_mashed
          [minmay_the_grid_triangle_9x9_prize_schism,
          minmay_the_grid_triangle_9x9_shrine,
          minmay_the_grid_triangle_9x9_zippers_horizontal,
          minmay_the_grid_triangle_9x9_checkered], layout_small_grid,
          enter_bailey_7, serial_bayou_pond_e, kennysheep_generic_room_15,
          uniq_maggie
Temple:   dpeg_chambers_temple
Bailey:   bailey_polearm_elven_captive_hellmonk, bailey

Skill      XL: |  1  2  3  4  5  6  7  8  9 |
---------------+----------------------------+-----
Axes           | 3 4 5 6 7 9 11 13 | 13.8
Fighting       | 4 5 6 7 9 10 | 10.4
Armour         | |  3.6
Shields        | |  3.6

Action                   |  1- 3 |  4- 6 |  7- 9 || total
-------------------------+-------+-------+-------++-------
Melee: War axe           |    92 |   103 |   231 ||   426
       Headbutt          |    10 |    18 |    47 ||    75
Invok: Heroism           |       |       |     2 ||     2
  Use: Potion            |       |     1 |     4 ||     5
       Scroll            |       |       |    23 ||    23
Armor: Scale mail        |    28 |    27 |       ||    55
       Ring mail         |       |     4 |    71 ||    75
Dodge: Dodged            |    35 |    44 |    60 ||   139
Block: Buckler           |    42 |    60 |     8 ||   110
       Reflection        |       |     3 |     2 ||     5
       Kite shield       |       |       |   194 ||   194

Table legend: (Time is in decaauts)
 A = Elapsed time spent in this place.
 B = Non-inter-level travel time spent in this place.
 C = Inter-level travel time spent in this place.
 D = Time resting spent in this place.
 E = Time spent auto-exploring this place.
 F = Levels seen in this place.
 G = Mean time per level.
                   A        B        C        D        E       F      G
               +--------+--------+--------+--------+--------+-----+--------+
         Total |   8421 |   8015 |    406 |   1162 |   5694 |  11 |  765.5 |
       Dungeon |   8047 |   7663 |    384 |   1140 |   5447 |   9 |  894.1 |
        Temple |    241 |    219 |     22 |      0 |    206 |   1 |  241.0 |
        Bailey |    132 |    132 |      0 |     22 |     41 |   1 |  132.0 |
               +--------+--------+--------+--------+--------+-----+--------+

Top non-repeatable levels by time:
     D:7: 1635 daAuts
     D:4: 1252 daAuts
     D:5: 1027 daAuts
     D:3: 937 daAuts
     D:6: 910 daAuts
     D:1: 842 daAuts
     D:8: 707 daAuts
     D:2: 663 daAuts
  Temple: 241 daAuts
  Bailey: 132 daAuts
     D:9: 71 daAuts
